 Dungeon Sprint DCSS version 0.21-a0-91-ga5031da (webtiles) character file.

3417 Kidiri the Fighter (level 9, -12/75 HPs)
             Began as a Demonspawn Transmuter on June 28, 2017.
             Was a High Priest of Wu Jian.
             Mangled by a glaive of venom (25 damage)
             ... in the Dungeon (Sprint V: "Ziggurat Sprint").
             The game lasted 00:06:27 (1072 turns).

Kidiri the Fighter (Demonspawn Transmuter)          Turns: 1072, Time: 00:06:28

Health: -12/75     AC:  4    Str: 18    XL:     9   Next: 76%
Magic:  0/20       EV: 18    Int: 16    God:    Wu Jian [*****.]
Gold:   0          SH:  0    Dex: 20    Spells: 8/23 levels left

rFire    . . .     SeeInvis .     - Unarmed
rCold    . . .     Gourm    .   (shield currently unavailable)
rNeg     . . .     Faith    .   b - +0 robe
rPois    +         Spirit   +   (helmet restricted)
rElec    .         Reflect  .   (no cloak)
rCorr    .         Harm     .   (gloves currently unavailable)
MR       +....     NoTele   +   (no boots)
Stlth    ++........             (no amulet)
HPRegen  0.22/turn              y - +6 ring of dexterity
MPRegen  0.17/turn              C - +6 ring of strength

@: blade hands (expiring), slowed, glowing, heavenly storm, very slow
A: antennae 2, iridescent scales 1, demonic guardian 1, dopey 1, magic
resistance 1, mutation resistance 1, poison resistance, screaming 1, strong 1,
magic shield
a: End Transformation, Serpent's Lash, Heavenly Storm, Renounce Religion


You were in the Dungeon.
You worshipped Wu Jian.
Wu Jian was extremely pleased with you.
You were very full.
You had blades for hands.
You visited 1 branch

Inventory:

Missiles
 a - 1012 arrows
Armour
 b - a +0 robe (worn)
 I - +5 fire dragon scales
 J - +5 gold dragon scales
Jewellery
 c - the ring "Ratoma" {Str+3 Stlth+}
   (You found it in the Dungeon)

   [ring of stealth]

   It affects your strength (+3).
   It makes you more stealthy.
 y - a +6 ring of dexterity (left scythe-like blade)
 z - a +6 ring of dexterity
 A - a +6 ring of intelligence
 B - a +6 ring of intelligence
 C - a +6 ring of strength (right scythe-like blade)
 D - a +6 ring of strength
 K - an uncursed ring of positive energy
Wands
 E - a wand of disintegration (7/24)
 F - a wand of iceblast (5/15)
 G - a wand of lightning (5/15)
 H - a wand of acid (5/15)
Scrolls
 j - 4 scrolls of blinking
 q - 4 scrolls of amnesia
 r - 3 scrolls of recharging
 s - 7 scrolls of fog
 t - 5 scrolls of identify
 u - 5 scrolls of remove curse
 v - 2 scrolls of fear
Potions
 e - 8 potions of curing
 f - 6 potions of heal wounds
 g - 6 potions of haste
 h - 7 potions of magic
 i - a potion of berserk rage
 k - 2 potions of brilliance
 l - 2 potions of invisibility
 m - 4 potions of resistance
 o - 5 potions of agility
 p - 5 potions of might
Comestibles
 d - 5 bread rations
 n - 2 chunks of flesh
 w - 31 fruits
 x - 4 meat rations


   Skills:
 * Level 8.4 Fighting
 * Level 7.4 Armour
 * Level 7.8 Dodging
 + Level 5.6 Stealth
 * Level 8.0 Unarmed Combat
 * Level 7.9 Spellcasting
 * Level 7.7 Transmutations
 + Level 4.1 Ice Magic
 + Level 5.4 Poison Magic
 + Level 5.9 Evocations


You had 8 spell levels left.
You knew the following spells:

 Your Spells              Type           Power        Failure   Level  Hunger
a - Beastly Appendage     Tmut           ####..       12%         1    None
b - Sticks to Snakes      Tmut           ####....     13%         2    None
c - Spider Form           Tmut/Pois      ####......   22%         3    ##.....
d - Ice Form              Ice/Tmut       ####....     45%         4    ####...
e - Blade Hands           Tmut           ####......   52%         5    #####..


Dungeon Overview and Level Annotations

Branches:
Dungeon (1/1)

Altars:
Ashenzari
Cheibriados
Dithmenos
Elyvilon
Fedhas
Gozag
Hepliaklqana
Kikubaaqudgha
Makhleb
Nemelex Xobeh
Okawaru
Qazlal
Ru
Sif Muna
Trog
Uskayaw
Vehumet
Wu Jian
Xom
Yredelemnul
Zin
The Shining One
Beogh
Jiyva
Lugonu

Annotations:
D 1 transporter


Innate Abilities, Weirdness & Mutations

You have a pair of antennae on your head.
You are partially covered in iridescent scales. (AC +2)
A weak demonic guardian rushes to your aid.
When hurt, damage is shared between your health and your magic reserves.
You are dopey. (Int -2)
You are resistant to hostile enchantments. (MR+)
You are somewhat resistant to further mutation.
Your system is resistant to poisons. (rPois)
You occasionally shout uncontrollably at your foes.
Your muscles are strong. (Str +2)


Message History

Your ufetubus closely misses the deep elf archer.
The deep elf archer blinks!
The glaive of venom hits you from afar!
* * * LOW HITPOINT WARNING * * *
Unknown command.
Unknown command.
You feel much better.
Your ufetubus misses the glaive of venom.
Your ufetubus hits the glaive of venom but does no damage.
The glaive of venom hits you from afar!!
* * * LOW HITPOINT WARNING * * *
Your ufetubus closely misses the glaive of venom.
Your ufetubus barely misses the glaive of venom.
You slice the earth elemental!!
You destroy the earth elemental!
The Council accepts your kill.
Your transformation is almost over.
Your ufetubus hits the glaive of venom but does no damage.
Your ufetubus completely misses the glaive of venom.
The glaive of venom hits you from afar!!
You die...

▓..8©8..▓
▓..)[}..▓
▓..E|(..▓
▓..e.(E.▓
▓.......▓
▓§§§§§§§▓
▓§§§{§§§▓
▓.▓§§(▓§▓
▓§§§§§5@▓
▓▓▓▓▓▓▓▓▓


{{{{{ {{{{ You could see a glaive of venom and a friendly ufetubus.

Vanquished Creatures
  A dancing weapon (D)
  A deep elf knight (D)
  An ugly thing (D)
  A black mamba (D)
  2 slime creatures (D)
  A water elemental (D)
  A golden eye (shapeshifter) (D)
  2 hell hounds (D)
  2 water moccasins (D)
  An ice beast (shapeshifter) (D)
  2 phantoms (D)
  An eye of draining (D)
  A big kobold (shapeshifter) (D)
  An earth elemental (D)
  A quasit (D)
  A jelly (D)
  An orc priest (D)
  An orc (D)
  A bat zombie (D)
  3 ball pythons (D)
  A ball python skeleton (D)
27 creatures vanquished.

Vanquished Creatures (collateral kills)
  A giant cockroach zombie (D)
1 creature vanquished.

Vanquished Creatures (others)
  An acid blob (D)
  5 azure jellies (D)
  A death ooze (D)
  Joseph (D)
  Eustachio (D)
  Sigmund (D)
  Dowan (D)
11 creatures vanquished.

Grand Total: 39 creatures vanquished

Notes
Turn   | Place    | Note
-------+----------+-------------------------------------------
     0 | D        | Kidiri the Demonspawn Transmuter began the quest for the Orb.
     0 | D        | Reached XP level 1. HP: 15/15 MP: 3/3
     0 | D        | Found a deep blue altar of Sif Muna.
     0 | D        | Found a sacrificial altar of Ru.
     0 | D        | Found a bloodstained altar of Trog.
     0 | D        | Found a stormy altar of Qazlal.
     0 | D        | Found an iron altar of Okawaru.
     0 | D        | Found a sparkling altar of Nemelex Xobeh.
     0 | D        | Found a blossoming altar of Fedhas.
     2 | D        | Found a transporter.
     2 | D        | Found an ancient bone altar of Kikubaaqudgha.
     2 | D        | Found a viscous altar of Jiyva.
     2 | D        | Found a corrupted altar of Lugonu.
     2 | D        | Found a hazy altar of Hepliaklqana.
     2 | D        | Found a burning altar of Makhleb.
     2 | D        | Found an opulent altar of Gozag.
    11 | D        | Killed a death ooze
    19 | D        | Killed an azure jelly
    37 | D        | Killed an azure jelly
    51 | D        | Became a worshipper of the Wu Jian Council
    53 | D        | Reached skill level 1 in Stealth
    53 | D        | Reached skill level 1 in Evocations
    53 | D        | Gained mutation: You have a pair of small antennae on your head. [demonic ancestry]
    53 | D        | Reached XP level 2. HP: 23/23 MP: 4/6
    56 | D        | Killed an acid blob
    74 | D        | Killed Dowan
    76 | D        | Learned a level 2 spell: Sticks to Snakes
    77 | D        | Entered arena 2.
    77 | D        | Found a transporter.
    86 | D        | Reached XP level 3. HP: 16/29 MP: 6/8
   109 | D        | Killed Sigmund
   191 | D        | Killed an azure jelly
   273 | D        | Learned a level 3 spell: Spider Form
   391 | D        | Entered arena 3.
   391 | D        | Noticed a phantom
   391 | D        | Noticed a phantom
   391 | D        | Found a transporter.
   412 | D        | Killed a phantom
   412 | D        | Reached * piety under Wu Jian
   412 | D        | Reached skill level 1 in Poison Magic
   412 | D        | Gained mutation: You are partially covered in iridescent scales. (AC +2) [demonic ancestry]
   412 | D        | Reached XP level 4. HP: 34/37 MP: 6/10
   416 | D        | Killed a phantom
   416 | D        | Reached skill level 5 in Unarmed Combat
   416 | D        | Gained mutation: When hurt, damage is shared between your health and your magic reserves. [demonic ancestry]
   416 | D        | Reached XP level 5. HP: 36/43 MP: 7/12
   426 | D        | Learned a level 4 spell: Ice Form
   544 | D        | Entered arena 4.
   544 | D        | Noticed a slime creature
   544 | D        | Noticed an eye of draining
   544 | D        | Noticed a slime creature
   544 | D        | Found a transporter.
   559 | D        | Killed a slime creature
   559 | D        | Reached ** piety under Wu Jian
   559 | D        | Reached skill level 5 in Fighting
   559 | D        | Reached skill level 5 in Dodging
   559 | D        | Reached skill level 5 in Spellcasting
   559 | D        | Reached skill level 5 in Transmutations
   559 | D        | Reached skill level 1 in Ice Magic
   559 | D        | Reached XP level 6. HP: 40/51 MP: 2/13
   564 | D        | Killed a slime creature
   564 | D        | Reached skill level 5 in Armour
   564 | D        | Gained mutation: A weak demonic guardian rushes to your aid. [demonic ancestry]
   564 | D        | Reached XP level 7. HP: 47/58 MP: 0/15
   572 | D        | Killed an azure jelly
   624 | D        | Killed Eustachio
   693 | D        | Learned a level 5 spell: Blade Hands
   696 | D        | Entered arena 5.
   696 | D        | Noticed a golden eye
   696 | D        | Noticed a green ugly thing
   696 | D        | Found a transporter.
   702 | D        | Reached *** piety under Wu Jian
   703 | D        | Killed a golden eye
   709 | D        | Killed a green ugly thing
   709 | D        | Gained mutation: You have a pair of antennae on your head. [demonic ancestry]
   709 | D        | Reached XP level 8. HP: 65/65 MP: 9/17
   726 | D        | Gained mutation: You are resistant to hostile enchantments. (MR+) [mutagenic meat]
   728 | D        | Gained mutation: You are dopey. (Int -2) [mutagenic meat]
   729 | D        | Gained mutation: Your muscles are strong. (Str +2) [mutagenic meat]
   730 | D        | Gained mutation: Your system is resistant to poisons. (rPois) [mutagenic meat]
   731 | D        | Gained mutation: You occasionally shout uncontrollably at your foes. [mutagenic meat]
   732 | D        | Gained mutation: You are somewhat resistant to further mutation. [mutagenic meat]
   763 | D        | Entered arena 6.
   763 | D        | Found a transporter.
   764 | D        | Reached **** piety under Wu Jian
   769 | D        | Reached ***** piety under Wu Jian
   781 | D        | Got the ring "Ratoma" {Str+3 Stlth+}
   836 | D        | Killed an azure jelly
   921 | D        | Killed Joseph
  1017 | D        | Entered arena 7.
  1017 | D        | Noticed a black mamba
  1018 | D        | Found a transporter.
  1024 | D        | Killed a black mamba
  1024 | D        | Reached skill level 5 in Stealth
  1024 | D        | Reached skill level 5 in Evocations
  1026 | D        | Reached XP level 9. HP: 69/72 MP: 14/19
  1054 | D        | Entered arena 8.
  1054 | D        | Noticed a glaive of venom
  1054 | D        | Noticed a deep elf knight
  1054 | D        | Noticed a deep elf archer
  1054 | D        | Noticed an enchanted short sword
  1055 | D        | Found a transporter.
  1064 | D        | Killed an enchanted short sword
  1064 | D        | Reached skill level 5 in Poison Magic
  1065 | D        | Killed a deep elf knight
  1072 | D        | Mangled by a glaive of venom

Vault maps used:
D:        sprint_v

Skill      XL: |  1  2  3  4  5  6  7  8  9 |
---------------+----------------------------+-----
Fighting       | 2 3 4 5 6 7 8 |  8.4
Armour         | 2 3 4 5 6 7 |  7.4
Dodging        | 3 4 5 6 7 |  7.8
Stealth        | 1 2 3 4 5 |  5.6
Unarmed Combat | 3 4 5 6 7 8 |  8.0
Spellcasting   | 3 4 5 6 7 |  7.9
Transmutations | 2 3 4 5 6 7 |  7.7
Evocations     | 1 2 3 4 5 |  5.9
Poison Magic   | 1 2 3 4 5 |  5.4
Ice Magic      | 1 2 3 4 |  4.1

Action                   |  1- 3 |  4- 6 |  7- 9 || total
-------------------------+-------+-------+-------++-------
Melee: Unarmed           |    28 |    24 |    39 ||    91
       Kick              |     4 |     2 |       ||     6
       Punch             |       |       |     1 ||     1
 Cast: Beastly Appendage |     2 |       |       ||     2
       Spider Form       |     1 |     1 |       ||     2
       Ice Form          |       |       |     1 ||     1
       Blade Hands       |       |       |     3 ||     3
Invok: Serpent's Lash    |       |       |     1 ||     1
       Heavenly Storm    |       |       |     1 ||     1
 Abil: End Transformatio |     1 |       |       ||     1
  Use: Potion            |     3 |     1 |     5 ||     9
  Eat: Fruit             |       |       |    11 ||    11
       Chunk             |       |       |    11 ||    11
Armor: Robe              |     8 |     1 |       ||     9
       Skin              |     3 |       |     3 ||     6
Dodge: Dodged            |    54 |    17 |    14 ||    85
